 Dungeon Crawl Stone Soup version 0.30-a0-311-gf115ab0292 (webtiles) character file.

Game seed: 3218480487736510946

1566 koil the Ducker (level 8, -5/42 HPs)
             Began as a Spriggan Hunter on Oct 26, 2022.
             Was an Initiate of Makhleb.
             Shot with an arrow by a centaur (9 damage)
             ... on level 7 of the Dungeon.
             The game lasted 00:16:04 (5517 turns).

koil the Ducker (Spriggan Hunter)                   Turns: 5517, Time: 00:16:05

Health: -5/42      AC:  2    Str:  7    XL:     8   Next: 59%
Magic:  16/16      EV: 22    Int: 11    God:    Makhleb [......]
Gold:   354        SH:  0    Dex: 20    Spells: 14/17 levels left

rFire   . . .      SeeInvis +    a - +0 shortbow
rCold   . . .      Faith    .    (shield currently unavailable)
rNeg    + . .      Spirit   .    c - +0 robe
rPois   .          Reflect  .    (helmet restricted)
rElec   .          Harm     .    (no cloak)
rCorr   .          Rampage  .    (gloves unavailable)
Will    +....                    (boots unavailable)
Stlth   ++++......               (no amulet)
HPRegen 0.27/turn                g - ring of positive energy
MPRegen 0.15/turn                (no ring)

@: very quick
A: very small, no large weapons, unfitting armour, see invisible, speed 3
a: Renounce Religion


You were on level 7 of the Dungeon.
You worshipped Makhleb.
Makhleb was noncommittal.
You visited 1 branch of the dungeon, and saw 7 of its levels.

You collected 354 gold pieces.

Inventory:

Hand Weapons
 a - a +0 shortbow (weapon)
 b - a +2 dagger of venom
 v - a +1 vorpal spear
 x - a +0 short sword
 D - a +4 spear of venom
 E - the +7 staff of the Meek {protect, meekguard}
   (You took it off an orc priest on level 6 of the Dungeon)

   It grants its wielder temporary protection when it strikes (+7 to AC).
   It provides extra protection to wielders with little health.
Missiles
 m - 14 poisoned darts
 B - 2 datura-tipped darts
 F - 5 atropa-tipped darts
Armour
 c - a +0 robe (worn)
Jewellery
 g - a ring of positive energy (left hand)
 q - a ring of fire
Wands
 u - a wand of digging (5)
 C - a wand of light (8)
Scrolls
 d - 3 scrolls of immolation
 f - 7 scrolls of identify {unknown}
 h - 4 scrolls of poison {unknown}
 j - a scroll of amnesia {unknown}
 k - 2 scrolls of enchant armour {unknown}
 l - a scroll of vulnerability {unknown}
 p - a scroll of noise {unknown}
 t - 6 scrolls of teleportation {unknown}
 y - 2 scrolls of silence {unknown}
Potions
 e - 4 potions of curing {unknown}
 i - 2 potions of resistance {unknown}
 n - 3 potions of flight {unknown}
 o - 3 potions of heal wounds {unknown}
 r - a potion of ambrosia {unknown}
 s - a potion of lignification {unknown}
 w - a potion of cancellation {unknown}
 z - a potion of brilliance {unknown}
 A - a potion of haste {unknown}
 G - a potion of attraction {unknown}


   Skills:
 + Level 4.0 Fighting
 + Level 6.0 Ranged Weapons
 + Level 6.6 Dodging
 - Level 6.2 Stealth
 + Level 5.2 Spellcasting
 + Level 2.1 Summonings
 + Level 2.5 Invocations


You had 14 spell levels left.
You knew the following spells:

 Your Spells              Type           Power      Damage    Failure   Level
a - Summon Guardian Gole  Hex/Summ       5%         N/A       38%         3

Your spell library contained the following spells:

 Spells                   Type           Power      Damage    Failure   Level
 Summon Small Mammal      Summ           28%        N/A       9%          1
 Beastly Appendage        Tmut           4%         N/A       22%         1
 Call Canine Familiar     Summ           7%         N/A       26%         3
 Cigotuvi's Dreadful Rot  Necr/Pois/Air  4%         N/A       32%         2
 Poisonous Vapours        Pois/Air       4%         N/A       32%         2
 Wereblood                Tmut           2%         N/A       32%         2
 Mephitic Cloud           Conj/Pois/Air  2%         N/A       54%         3
 Ozocubu's Armour         Ice            2%         N/A       54%         3
 Portal Projectile        Hex/Tloc       4%         N/A       54%         3
 Spider Form              Tmut/Pois      2%         N/A       54%         3
 Tukima's Dance           Hex            2%         N/A       54%         3
 Blade Hands              Tmut           1%         N/A       99%         5
 Metabolic Englaciation   Hex/Ice        1%         N/A       99%         5
 Simulacrum               Ice/Necr       1%         N/A       100%        6


Dungeon Overview and Level Annotations

Branches:
Dungeon (7/15)             Temple (0/1) D:6

Altars:
Gozag
Makhleb
Ru
Vehumet
Zin


Innate Abilities, Weirdness & Mutations

You are very small and have problems with some larger weapons.
You are too small for most types of armour.
You have supernaturally acute eyesight. (SInv)
You cover ground extremely quickly. (Speed+++)


Message History

You see here 10 gold pieces.
You shoot an arrow. The arrow hits the centaur.
The centaur shouts!
The centaur is lightly wounded.
You hear a shout!
A white imp comes into view.
The centaur wields a +0 shortbow.
The centaur shoots an arrow.
The arrow misses you.
The white imp shouts!
You hear a shout! x2
The centaur shoots an arrow.
The arrow hits you.
You shoot an arrow. The arrow closely misses the centaur.
The centaur shoots an arrow.
The arrow misses you.
You shoot an arrow.
The arrow hits the white imp but does no damage.
The centaur shoots an arrow.
The arrow hits you.
The centaur shoots an arrow.
The arrow completely misses you.
An orc comes into view. It is wielding a +0 hand axe.
You hear a shout! x2
You shoot an arrow. The arrow closely misses the white imp.
The centaur shoots an arrow.
The arrow misses you.
You shoot an arrow. The arrow hits the white imp!
You kill the white imp!
Makhleb accepts your kill.
The centaur shoots an arrow.
The arrow misses you.
You shoot an arrow. The arrow hits the orc!
You kill the orc!
Makhleb accepts your kill.
The centaur shoots an arrow.
The arrow hits you!
An orc comes into view. It is wielding a +0 club.
An orc comes into view. It is wielding a +0 war axe.
The centaur shoots an arrow.
The arrow hits you!
* * * LOW HITPOINT WARNING * * *
The centaur shoots an arrow.
The arrow hits you.
* * * LOW HITPOINT WARNING * * *
The centaur shoots an arrow.
The arrow closely misses you.
An orc comes into view. It is wielding a +2 mace of draining.
An orc comes into view. It is wielding a +0 dagger.
The centaur shoots an arrow.
The arrow hits you!
You die...

........$...............
................####..#.
.....o.c......#.# ##.#.
......##........# #...
.oo.####c......# #...
.............#.# ####..
..#.#.......##.###.##..
..###..#...............
#...@#......###.....#
......##.......# ####..#
...... ........# ##...
....# .........# #....
.... .......... ###..
... ...#..#. ### ..
...##.. ##### ..## ..
#.... .......


You could see a centaur.

Vanquished Creatures
  2 black bears (D:6)
  A sky beast (D:6)
  A centaur (D:5)
  2 phantoms (D:6)
  Blork the orc (D:6)
  A gnoll sergeant (D:5)
  3 scorpions
  A necrophage (D:6)
  3 hounds
  2 jellies
  An orc priest (D:6)
  2 iguanas (D:5)
  Natasha (thrice) (D:2)
  Terence (D:3)
  2 orc wizards (D:6)
  Robin (D:4)
  4 gnolls (D:5)
  11 adders
  2 shadow imps
  3 white imps
  2 ufetubi (D:6)
  2 worms (D:2)
  3 dart slugs
  9 orcs
  7 ball pythons
  10 bats
  3 endoplasms
  A giant cockroach (D:1)
  16 goblins
  8 hobgoblins
  4 jackals (D:4)
  3 quokkas
  5 frilled lizards
  8 kobolds
  7 rats
135 creatures vanquished.

Notes
Turn   | Place    | Note
-------+----------+-------------------------------------------
     0 | D:1      | koil the Spriggan Hunter began the quest for the Orb.
     0 | D:1      | Reached XP level 1. HP: 10/10 MP: 2/2
   165 | D:1      | Reached XP level 2. HP: 15/15 MP: 2/4
   368 | D:1      | Reached skill level 1 in Spellcasting
   709 | D:2      | Noticed Natasha
   711 | D:2      | Killed Natasha
   712 | D:2      | Reached XP level 3. HP: 18/18 MP: 4/6
   807 | D:2      | Reached XP level 4. HP: 23/23 MP: 7/7
   946 | D:2      | Noticed Natasha
   951 | D:2      | Killed Natasha
  1096 | D:2      | Found a glowing silver altar of Zin.
  1098 | D:2      | Noticed Natasha
  1114 | D:2      | Killed Natasha
  1115 | D:2      | Reached XP level 5. HP: 16/27 MP: 9/9
  1399 | D:3      | Noticed Terence
  1420 | D:3      | Killed Terence
  1481 | D:3      | Found a radiant altar of Vehumet.
  1855 | D:3      | Found an opulent altar of Gozag.
  2280 | D:4      | Reached XP level 6. HP: 32/32 MP: 11/11
  2847 | D:4      | Noticed Robin
  2872 | D:4      | Killed Robin
  3003 | D:5      | Entered Level 5 of the Dungeon
  3080 | D:5      | Reached skill level 5 in Ranged Weapons
  3080 | D:5      | Reached skill level 5 in Stealth
  3197 | D:5      | Reached skill level 5 in Dodging
  3212 | D:5      | Reached XP level 7. HP: 36/36 MP: 13/13
  3307 | D:5      | Found a sacrificial altar of Ru.
  3825 | D:5      | Found a burning altar of Makhleb.
  3830 | D:5      | Became a worshipper of Makhleb the Destroyer
  3835 | D:5      | Learned a level 3 spell: Summon Guardian Golem
  4359 | D:6      | Reached skill level 1 in Invocations
  4363 | D:6      | Reached skill level 1 in Summonings
  4446 | D:6      | Found a staircase to the Ecumenical Temple.
  4538 | D:6      | Noticed Blork the orc
  4549 | D:6      | Killed Blork the orc
  4550 | D:6      | Reached XP level 8. HP: 33/40 MP: 15/15
  5141 | D:6      | Reached skill level 5 in Spellcasting
  5509 | D:7      | HP: 2/42 [centaur/arrow (6)]
  5517 | D:7      | Shot with an arrow by a centaur

Illustrated notes

Levels and vault maps discovered:
D:1:      dpeg_arrival_rhombus, layout_basic
D:2:      layout_basic, basic_altar, uniq_natasha
D:3:      layout_loops_ring, mainiacjoe_overflow_six_doors_small,
          mainiacjoe_overflow_boulevard, wander_ebering_terrifying_dragon_lair,
          uniq_terence
D:4:      layout_loops_ring, uniq_robin
D:5:      layout_loops_ring, nicolae_ru_awakened_eye, lightli_temple_of_fire
D:6:      layout_loops_ring, minmay_temple_entry_grid, uniq_blork_the_orc
D:7:      layout_cave_pools, zin_academy, uniq_pikel

Skill      XL: |  1  2  3  4  5  6  7  8 |
---------------+-------------------------+-----
Stealth        | 2 3 4 5 6 |  6.2
Dodging        | 3 4 5 6 |  6.6
Spellcasting   | 1 2 3 4 5 |  5.2
Fighting       | 2 3 4 |  4.0
Ranged Weapons | 5 6 |  6.0
Invocations    | 1 2 |  2.5
Summonings     | 1 2 |  2.1

Action                   |  1- 3 |  4- 6 |  7- 9 || total
-------------------------+-------+-------+-------++-------
Melee: Dagger            |       |       |    13 ||    13
 Fire: Shortbow          |    73 |   214 |   185 ||   472
Throw: Dart              |       |       |     3 ||     3
Armor: Robe              |     1 |     8 |     3 ||    12
Dodge: Dodged            |    20 |    88 |   127 ||   235

Table legend: (Time is in decaauts)
 A = Elapsed time spent in this place.
 B = Non-inter-level travel time spent in this place.
 C = Inter-level travel time spent in this place.
 D = Time resting spent in this place.
 E = Time spent auto-exploring this place.
 F = Levels seen in this place.
 G = Mean time per level.
                   A        B        C        D        E       F      G
               +--------+--------+--------+--------+--------+-----+--------+
         Total |   4086 |   4001 |     85 |    264 |   2809 |   7 |  583.7 |
       Dungeon |   4086 |   4001 |     85 |    264 |   2809 |   7 |  583.7 |
               +--------+--------+--------+--------+--------+-----+--------+

Top non-repeatable levels by time:
     D:5: 1005 daAuts
     D:6: 926 daAuts
     D:3: 561 daAuts
     D:2: 544 daAuts
     D:4: 539 daAuts
     D:1: 464 daAuts
     D:7: 43 daAuts
